 Dungeon Crawl Stone Soup version 0.21-a0-584-g185da8e (webtiles) character file.

3563 vishdafish the Fortune-Teller (level 9, -6/68 HPs)
             Began as a Demonspawn Skald on Dec 20, 2017.
             Was a Believer of Nemelex Xobeh.
             Mangled by a two-headed ogre
             ... wielding a +0 giant club
              (10 damage)
             ... on level 8 of the Dungeon.
             The game lasted 00:18:50 (10172 turns).

vishdafish the Fortune-Teller (Demonspawn Skald)   Turns: 10172, Time: 00:18:51

Health: -6/68      AC:  9    Str: 11    XL:     9   Next: 83%
Magic:  15/15      EV: 21    Int: 17    God:    Nemelex Xobeh [**....]
Gold:   239        SH:  0    Dex: 19    Spells: 15/16 levels left

rFire    . . .     SeeInvis .   y - +3 trident (venom)
rCold    + + +     Gourm    .   (no shield)
rNeg     + . .     Faith    .   D - +4 skin of Zhor {rC+++}
rPois    .         Spirit   .   (helmet restricted)
rElec    .         Reflect  .   (no cloak)
rCorr    .         Harm     .   F - +0 pair of gloves
MR       .....                  (no boots)
Stlth    ++++......             (no amulet)
HPRegen  0.21/turn              g - ring of positive energy
MPRegen  0.14/turn              k - ring of stealth

@: agile
A: antennae 1, thin metallic scales 1, powered by death 1, powered by pain 1
a: Renounce Religion


You were on level 8 of the Dungeon.
You worshipped Nemelex Xobeh.
Nemelex Xobeh was pleased with you.
You were not hungry.

You visited 2 branches of the dungeon, and saw 9 of its levels.

You collected 239 gold pieces.

Inventory:

Hand Weapons
 y - a +3 trident of venom (weapon)
Missiles
 x - 6 javelins of returning (quivered)
Armour
 D - the +4 skin of Zhor (worn) {rC+++}
   (You found it on level 6 of the Dungeon)

   It renders you almost immune to cold.
 F - a +0 pair of gloves (worn)
Jewellery
 b - an uncursed ring of positive energy
 g - a ring of positive energy (left hand)
 k - a ring of stealth (right hand)
Wands
 a - a wand of iceblast (7)
 h - a wand of random effects (3)
 u - a wand of digging (29)
Scrolls
 i - 7 scrolls of teleportation
 l - 3 scrolls of remove curse
 o - 3 scrolls of immolation
 p - 2 scrolls of magic mapping {unknown}
 r - a scroll of fear {unknown}
 z - 3 scrolls of noise {unknown}
 G - a scroll of enchant weapon {unknown}
 H - a scroll of fog {unknown}
Potions
 e - a potion of lignification
 m - a potion of ambrosia {unknown}
 q - 2 potions of agility
 t - 4 potions of curing
 v - a potion of heal wounds
 w - a potion of flight {unknown}
 A - a potion of berserk rage
Books
 c - a book of Battle

   Spells                             Type                      Level
   a - Infusion                       Charms                       1
   b - Shroud of Golubria             Charms/Translocation         2
   c - Song of Slaying                Charms                       2
   d - Spectral Weapon                Hexes/Charms                 3
   e - Regeneration                   Charms/Necromancy            3
Miscellaneous
 f - an ornate deck of summoning
 j - a legendary deck of destruction {drawn: 1}
 E - a plain deck of escape
Comestibles
 d - 8 rations


   Skills:
 - Level 5.2 Fighting
 - Level 6.1 Polearms
 - Level 2.0 Throwing
 - Level 3.0 Armour
 + Level 5.0 Dodging
 + Level 4.0 Spellcasting
 - Level 4.0 Charms
 - Level 9.0 Invocations
 * Level 3.4 Evocations


You had 15 spell levels left.
You knew the following spells:

 Your Spells              Type           Power        Failure   Level  Hunger
a - Infusion              Chrm           ###.         3%          1    None


Dungeon Overview and Level Annotations

Branches:
Dungeon (8/15)             Temple (1/1) D:6
   Lair: D:8-11

Altars:
Ashenzari
Cheibriados
Dithmenos
Elyvilon
Gozag
Hepliaklqana
Kikubaaqudgha
Makhleb
Nemelex Xobeh
Okawaru
Qazlal
Ru
Sif Muna
Trog
Uskayaw
Vehumet
Wu Jian
Xom
Yredelemnul
Zin
The Shining One


Innate Abilities, Weirdness & Mutations

You have a pair of small antennae on your head.
You are partially covered in thin metallic scales. (AC +2)
You regenerate a little health from kills.
You sometimes gain a little power by taking damage.


Message History

The two-headed ogre is heavily wounded.
The two-headed ogre completely misses you.
The two-headed ogre closely misses you.
You hit the two-headed ogre.
The two-headed ogre looks even sicker.
The two-headed ogre is severely wounded.
The two-headed ogre hits you with a giant club!
The two-headed ogre completely misses you.
You hit the two-headed ogre.
The two-headed ogre looks as sick as possible!
The two-headed ogre is severely wounded.
The two-headed ogre misses you.
The two-headed ogre hits you with a giant club!
You hit the two-headed ogre.
The two-headed ogre is almost dead.
There is an opulent altar of Gozag here.
The two-headed ogre hits you with a giant club!!
* * * LOW HITPOINT WARNING * * *
The two-headed ogre hits you with a giant club!
You die...
Your body glows slightly and disappears.

############
#..........###
#............#
#..####.####.#
######..##.....##.#
##.......#.......#.#
#........#.......#.#
.<..........._.O@..##
..>......#.......#..#
.........#.......#..#
.........##.....##..#
.........####.####..#
#...................#
.........#########..#
.........# ##.##
.........########..#


You could see a two-headed ogre.

Vanquished Creatures
  2 hippogriffs (D:7)
  Eustachio (D:6)
  Duvessa (D:6)
  A water moccasin (D:7)
  2 orc warriors (D:7)
  5 ogres
  A black bear (D:7)
  A phantom (D:5)
  4 centaurs
  3 bullfrogs
  Dowan (D:6)
  3 scorpions
  3 wights (D:7)
  3 crimson imps
  A bullfrog zombie (D:5)
  2 centaur zombies
  5 hounds
  A jelly (D:7)
  7 orc priests
  Ijyb (D:4)
  12 orc wizards
  2 worker ants (D:5)
  A worker ant zombie (D:7)
  8 gnolls
  2 adders
  A shadow imp (D:5)
  3 adder skeletons
  5 worms
  A dart slug (D:1)
  5 leopard geckos
  35 orcs
  A ball python (D:1)
  7 bats
  6 giant cockroaches
  2 gnoll zombies (D:6)
  5 goblins
  4 hobgoblins
  9 jackals
  9 kobolds
  2 quokkas
  7 frilled lizards
  A jackal skeleton (D:5)
  A leopard gecko zombie (D:7)
  7 rats
184 creatures vanquished.

Notes
Turn   | Place    | Note
-------+----------+-------------------------------------------
     0 | D:1      | vishdafish the Demonspawn Skald began the quest for the Orb.
     0 | D:1      | Reached XP level 1. HP: 16/16 MP: 3/3
    50 | D:1      | Reached skill level 1 in Armour
   109 | D:1      | Gained mutation: You are partially covered in thin metallic scales. (AC +2) [demonic ancestry]
   109 | D:1      | Reached XP level 2. HP: 7/22 MP: 5/5
   999 | D:2      | HP: 1/22 [worm (7)]
  1306 | D:2      | Reached XP level 3. HP: 14/27 MP: 1/6
  1992 | D:2      | Reached XP level 4. HP: 11/33 MP: 7/7
  2198 | D:2      | Found a white marble altar of Elyvilon.
  2308 | D:2      | Found a faded altar of an unknown god.
  3511 | D:3      | Gained mutation: You have a pair of small antennae on your head. [demonic ancestry]
  3511 | D:3      | Reached XP level 5. HP: 25/38 MP: 8/8
  3654 | D:3      | Found a stormy altar of Qazlal.
  3810 | D:3      | Found a shadowy altar of Dithmenos.
  4262 | D:4      | Noticed Ijyb
  4295 | D:4      | Killed Ijyb
  4894 | D:4      | Gained mutation: You regenerate a little health from kills. [demonic ancestry]
  4894 | D:4      | Reached XP level 6. HP: 41/44 MP: 9/9
  5281 | D:4      | Found a snail-covered altar of Cheibriados.
  5484 | D:4      | Gained mutation: You sometimes gain a little power by taking damage. [demonic ancestry]
  5484 | D:4      | Reached XP level 7. HP: 19/50 MP: 10/10
  5831 | D:5      | Entered Level 5 of the Dungeon
  6019 | D:5      | Reached skill level 1 in Throwing
  6024 | D:5      | Found an ancient bone altar of Kikubaaqudgha.
  6063 | D:5      | Reached skill level 5 in Polearms
  6064 | D:5      | Found a shattered altar of Ashenzari.
  6154 | D:5      | Found a stormy altar of Qazlal.
  6828 | D:5      | Reached XP level 8. HP: 26/56 MP: 12/12
  7116 | D:6      | Noticed Duvessa
  7118 | D:6      | Noticed Dowan
  7128 | D:6      | Found a staircase to the Ecumenical Temple.
  7154 | D:6      | Killed Duvessa
  7328 | D:6      | Killed Dowan
  7339 | Temple   | Entered the Ecumenical Temple
  7390 | Temple   | Became a worshipper of Nemelex Xobeh the Trickster
  7567 | D:6      | Reached skill level 1 in Invocations
  7570 | D:6      | Reached skill level 2 in Invocations
  7571 | D:6      | Found a shimmering altar of Xom.
  7572 | D:6      | Found a hazy altar of Hepliaklqana.
  7572 | D:6      | Noticed a hell beast
  7573 | D:6      | Noticed a spectral ugly thing
  7573 | D:6      | Noticed a hell beast
  7578 | D:6      | Received a gift from Nemelex Xobeh
  7584 | D:6      | Reached skill level 3 in Invocations
  7600 | D:6      | Got a fabulously ornate robe
  7611 | D:6      | Identified the +1 robe "Efe Dairres" {Dex+3} (You found it on level 6 of the Dungeon)
  7692 | D:6      | Reached skill level 4 in Invocations
  7730 | D:6      | Found a basalt altar of Yredelemnul.
  7872 | D:6      | Noticed Eustachio
  7885 | D:6      | Killed Eustachio
  7885 | D:6      | Reached skill level 5 in Invocations
  8237 | D:6      | Reached skill level 6 in Invocations
  8259 | D:6      | Found the +4 skin of Zhor {rC+++}
  8376 | D:7      | Reached * piety under Nemelex Xobeh
  8376 | D:7      | Received a gift from Nemelex Xobeh
  8376 | D:7      | Found a glowing golden altar of the Shining One.
  8378 | D:7      | Found a sacrificial altar of Ru.
  8430 | D:7      | Reached XP level 9. HP: 62/65 MP: 9/13
  8581 | D:7      | Reached skill level 7 in Invocations
  8797 | D:7      | Reached skill level 8 in Invocations
  8854 | D:7      | Reached skill level 5 in Fighting
  9171 | D:7      | Reached skill level 9 in Invocations
  9473 | D:8      | Reached skill level 1 in Evocations
  9837 | D:8      | Found an opulent altar of Gozag.
  9880 | D:8      | Reached ** piety under Nemelex Xobeh
 10027 | D:8      | Reached skill level 5 in Dodging
 10119 | D:8      | Received a gift from Nemelex Xobeh
 10133 | D:8      | Noticed a two-headed ogre
 10172 | D:8      | Mangled by a two-headed ogre

Vault maps used:
D:1:      dpeg_arrival_signposts, minivault_5, serial_bayou_pond_c, minivault_4
D:2:      lemuel_doored_altar, chequers_ecumenical_altar_twisty
D:3:      grunt_qazlal_clouds, first_ration, nicolae_dithmenos_shadow_blocks
D:4:      cheibriados_altar_1, uniq_ijyb
D:5:      kiku_gazebo_garden_becter, cheibrodos_ashenzari_chains, basic_altar
D:6:      regret_index_temple_of_mockery, lemuel_zombie_altar_yredelemnul,
          minmay_temple_entry_trees, minmay_misc_feat_ornament, uniq_eustachio,
          uniq_duvessa
D:7:      chequers_temple_overflow_statue_of_worship
D:8:      fedhas_altar_4, old_standard_altar, serial_shops,
          kennysheep_little_box
Temple:   cyrus_temple_forest

Skill      XL: |  1  2  3  4  5  6  7  8  9 |
---------------+----------------------------+-----
Armour         | 1 2 3 |  3.0
Polearms       | 2 3 4 5 6 |  6.1
Dodging        | 2 3 4 5 |  5.0
Charms         | 3 4 |  4.0
Throwing       | 2 |  2.0
Spellcasting   | 3 4 |  4.0
Invocations    | 6 9 |  9.0
Fighting       | 4 5 |  5.2
Evocations     | 3 |  3.4

Action                   |  1- 3 |  4- 6 |  7- 9 || total
-------------------------+-------+-------+-------++-------
Melee: Spear             |   176 |   103 |       ||   279
       War axe           |       |   121 |       ||   121
       Trident           |       |       |   383 ||   383
Throw: Javelin           |       |     2 |     2 ||     4
 Cast: Infusion          |     4 |     3 |    10 ||    17
Evoke: Wand              |       |     3 |     6 ||     9
       Deck              |       |       |     1 ||     1
  Use: Potion            |     2 |     2 |       ||     4
       Scroll            |       |       |     7 ||     7
 Stab: Sleeping          |     2 |    11 |    13 ||    26
       Distracted        |       |       |     1 ||     1
  Eat: Chunk             |     3 |     9 |    15 ||    27
       Ration            |       |     1 |       ||     1
Armor: Leather armour    |    30 |    93 |    31 ||   154
       Robe              |       |       |     3 ||     3
       Animal skin       |       |       |    64 ||    64
Dodge: Dodged            |    88 |   147 |   201 ||   436

Table legend:
 A = Spawn XP
 B = Non-spawn XP
 C = Spawn XP percentage of total XP
 D = Spawn monster count
 E = Non-spawn monster count
 F = Spawn count percentage of total count
 G = Total turns spent on level
                    A         B        C        D         E        F      G
               +---------+---------+-------+---------+---------+-------+---------
         Total |       0 |    5090 |   0.0 |       0 |     184 |   0.0 | 10172
               +---------+---------+-------+---------+---------+-------+---------
           D:1 |       0 |      39 |   0.0 |       0 |      24 |   0.0 |  1527
           D:2 |       0 |      85 |   0.0 |       0 |      21 |   0.0 |  1544
           D:3 |       0 |      99 |   0.0 |       0 |      22 |   0.0 |  1654
           D:4 |       0 |     686 |   0.0 |       0 |      22 |   0.0 |  1106
           D:5 |       0 |     629 |   0.0 |       0 |      22 |   0.0 |  1321
           D:6 |       0 |    1174 |   0.0 |       0 |      23 |   0.0 |  1133
           D:7 |       0 |    1748 |   0.0 |       0 |      36 |   0.0 |  1402
           D:8 |       0 |     630 |   0.0 |       0 |      14 |   0.0 |   394
               +---------+---------+-------+---------+---------+-------+---------
